 Dungeon Crawl Stone Soup version 0.28-a0-723-g095bd1b44f (webtiles) character file.

Game seed: 157491111186815548

28 Sabo the Chopper (level 2, 22/22 HPs)
             Began as a Demonspawn Gladiator on Oct 25, 2021.
             Was a Follower of Vehumet.
             Got out of the dungeon alive.
             The game lasted 00:04:45 (1368 turns).

Sabo the Chopper (Demonspawn Gladiator)             Turns: 1368, Time: 00:04:46

Health: 22/22      AC:  5    Str: 14    XL:     2   Next: 96%
Magic:  2/2        EV: 11    Int:  9    God:    Vehumet [*.....]
Gold:   23         SH:  0    Dex: 14    Spells: 1/1 levels left

rFire   . . .      SeeInvis .   f - +4 dagger
rCold   . . .      Faith    .   (no shield)
rNeg    . . .      Spirit   .   h - +0 ring mail
rPois   .          Reflect  .   (helmet restricted)
rElec   .          Harm     .   (no cloak)
rCorr   .          Rampage  .   (no gloves)
Will    .....                   (no boots)
Stlth   +.........              (no amulet)
HPRegen 0.07/turn               (no ring)
MPRegen 0.08/turn               (no ring)

@: no status effects
A: horns 1
a: Renounce Religion


You escaped.
You worshipped Vehumet.
Vehumet was aware of your devotion.
You visited 1 branch of the dungeon, and saw 1 of its levels.

You collected 23 gold pieces.

Inventory:

Hand Weapons
 a - a +0 war axe
 f - a +4 dagger (weapon)
Missiles
 d - 2 throwing nets
 e - 6 javelins (quivered)
Armour
 h - a +0 ring mail (worn)
Potions
 g - a potion of mutation {unknown}


   Skills:
 + Level 2.1 Fighting
 + Level 3.3 Axes
 + Level 1.9 Throwing
 + Level 0.3 Armour
 + Level 3.0 Dodging


You had one spell level left.
You didn't know any spells.
Your spell library was empty.

Dungeon Overview and Level Annotations

Branches:
Dungeon (1/15)

Altars:
Vehumet

Shops:
D:1 =


Innate Abilities, Weirdness & Mutations

You have a pair of small horns on your head.


Message History

The ball python constricts you.
You puncture the ball python!
You kill the ball python!
You see here a ball python corpse.
You enter the shallow water.
Moving in this stuff is going to be slow.
You enter the shallow water.
Moving in this stuff is going to be slow.
Found a faded altar of an unknown god.
You enter the shallow water.
Moving in this stuff is going to be slow.
You enter the shallow water.
Moving in this stuff is going to be slow.
You enter the shallow water.
Moving in this stuff is going to be slow.
There is a faded altar of an unknown god here.
You cannot tell which god this altar belongs to.
Convert to them anyway?
Vehumet accepts your prayer! Vehumet welcomes you!
You can now gain magical power from killing.
Vehumet offers you knowledge of Freeze.
Unknown command.
You don't know any spells.
Unknown command.
You enter the shallow water.
Moving in this stuff is going to be slow.
You enter the shallow water.
Moving in this stuff is going to be slow.
You enter the shallow water.
Moving in this stuff is going to be slow.
You see here a ball python corpse.
You see here a +0 club.
Things that are here:
a +0 club; a goblin corpse You see here a +0 dagger.
Things that are here:
a +0 short sword; 3 stones
There is a staircase leading out of the dungeon here.
Are you sure you want to leave the Dungeon?
This will make you lose the game!
You have escaped!

#..########...# #.....#
#...#.......#..#######.#
#....###....# ...##.....
##..## #...## #..#####.
##.## ##.## #.## #. #..#
##..## #..## #. #..#
###..#.## ##..###.
#..###.......# ##...)...
##..##.@.###.###..#..)).
#..##...# #..##)##..#..
#......## ##....###)##.
#.####.# #....##...#..
#.####.####....##......
#...##..##..####......#
#...###....###.........
#....###..##...........
#.........###.........#


There were no monsters in sight!

Vanquished Creatures
  2 dart slugs (D:1)
  2 ball pythons (D:1)
  A bat (D:1)
  2 endoplasms (D:1)
  8 goblins (D:1)
  2 hobgoblins (D:1)
  A frilled lizard (D:1)
  A kobold (D:1)
  3 rats (D:1)
22 creatures vanquished.

Notes
Turn   | Place    | Note
-------+----------+-------------------------------------------
     0 | D:1      | Sabo the Demonspawn Gladiator began the quest for the Orb.
     0 | D:1      | Reached XP level 1. HP: 16/16 MP: 1/1
   148 | D:1      | Gained mutation: You have a pair of small horns on your
                  | head. [demonic ancestry]
   148 | D:1      | Reached XP level 2. HP: 3/22 MP: 2/2
   631 | D:1      | Found Goet's Jewellery Shoppe.
  1267 | D:1      | Found a faded altar of an unknown god.
  1276 | D:1      | Prayed at the altar of an unknown god.
  1276 | D:1      | Became a worshipper of Vehumet
  1276 | D:1      | Reached * piety under Vehumet
  1276 | D:1      | Offered knowledge of Freeze by Vehumet.
  1368 | D:$      | Got out of the dungeon alive.

Illustrated notes

Levels and vault maps discovered:
D:1:      dpeg_arrival_arbitrary_b, layout_rooms,
          shapermc_ecumenical_altar_hornbeckon, serial_shops,
          nicolae_shop_statue_plus

Skill      XL: |  1  2 |
---------------+-------+-----
Axes           | 3 |  3.3
Dodging        | 3 |  3.0
Fighting       | |  2.1
Throwing       | |  1.9
Armour         | |  0.3

Action                   || total
-------------------------++-------
Melee: War axe           ||    20
       Dagger            ||    34
       Headbutt          ||     4
Throw: Throwing net      ||     1
Armor: Leather armour    ||    12
Dodge: Dodged            ||    28

Table legend: (Time is in decaauts)
 A = Elapsed time spent in this place.
 B = Non-inter-level travel time spent in this place.
 C = Inter-level travel time spent in this place.
 D = Time resting spent in this place.
 E = Time spent auto-exploring this place.
 F = Levels seen in this place.
 G = Mean time per level.
                   A        B        C        D        E       F      G
               +--------+--------+--------+--------+--------+-----+--------+
         Total |   1383 |   1383 |      0 |    753 |      0 |   1 | 1383.0 |
       Dungeon |   1383 |   1383 |      0 |    753 |      0 |   1 | 1383.0 |
               +--------+--------+--------+--------+--------+-----+--------+

Top non-repeatable levels by time:
     D:1: 1383 daAuts
